 Dungeon Crawl Stone Soup version 0.13.0-3-g966e3ec (webtiles) character file.

2797 Leibowitz the Nimble (level 9, -3/68 HPs)
             Began as a Merfolk Gladiator on Oct 13, 2013.
             Was a Follower of Okawaru.
             Slain by a wight
             ... wielding a cursed +3,+1 war axe
              (8 damage)
             ... on Level 8 of the Dungeon.
             The game lasted 00:28:42 (7132 turns).

Leibowitz the Nimble (Merfolk Gladiator)            Turns: 7132, Time: 00:28:42

HP  -3/68        AC  7     Str 15      XL: 9   Next: 51%
MP   8/8         EV 20     Int  8      God: Okawaru [*.....]
Gold 315         SH  0     Dex 17      Spells:  0 memorised,  8 levels left

Res.Fire  : . . .   See Invis. : .   a - +1 trident
Res.Cold  : + . .   Warding    : .   B - +0 leather armour
Life Prot.: . . .   Conserve   : .   (no shield)
Res.Poison: .       Res.Corr.  : .   c - +0 helmet
Res.Elec. : .       Clarity    : .   (no cloak)
Sust.Abil.: . .     Spirit.Shd : .   o - +0 pair of gauntlets
Res.Mut.  : .       Stasis     : .   m - +1 pair of orc boots
Res.Rott. : .       Flight     : .   (no amulet)
Saprovore : . . .                    C - cursed ring of protection from cold
                                     k - ring of wizardry

@: drained, slightly resistant to hostile enchantments, unstealthy
A: change form in water, swift swim
a: Heroism, Renounce Religion


You were on level 8 of the Dungeon.
You worshipped Okawaru.
Okawaru was aware of your devotion.
You were hungry.

You visited 2 branches of the dungeon, and saw 9 of its levels.

You collected 325 gold pieces.
You spent 30 gold pieces at shops.

Inventory:

Hand weapons
 a - a +1,+1 trident (weapon)
 b - a +0 blowgun
Missiles
 d - 2 throwing nets
 z - a throwing net [frayed] (quivered)
 D - 22 poisoned needles
Armour
 c - a +0 helmet (worn)
 m - a +1 pair of orcish boots (worn)
 o - a +0 pair of gauntlets (worn)
 B - a +0 leather armour (worn)
Magical devices
 n - a wand of polymorph (5)
 y - a wand of cold (2)
Comestibles
 f - 5 bread rations
 h - 4 meat rations
 A - a sausage
Scrolls
 e - 9 scrolls of identify
 j - a scroll of remove curse
 l - a scroll of enchant weapon I
 s - 2 scrolls of teleportation
Jewellery
 k - a ring of wizardry (left hand)
 x - an uncursed ring of magical power
 C - a cursed ring of protection from cold (right hand)
Potions
 p - 2 potions of heal wounds


   Skills:
 * Level 6.8(6.4) Fighting
 + Level 9.0(8.6) Polearms
 + Level 3.6(3.2) Throwing
 * Level 12.1(11.6) Dodging
 + Level 0.4(0.1) Evocations


You had 8 spell levels left.
You didn't know any spells.

Dungeon Overview and Level Annotations

Branches:
Dungeon (8/27)             Temple (1/1) D:7
    Orc: D:6-11        Lair: D:8-13

Altars:
Elyvilon
Fedhas
Kikubaaqudgha
Makhleb
Nemelex Xobeh
Okawaru
Sif Muna
Trog
Vehumet
Xom
Yredelemnul
Zin
the Shining One

Shops:
D:4 !

Annotations:
D:7 Antunes' ghost, experienced HOGl


Message History

Press: ? - help, Dir - move target cursor, f - wight
Aim: a wight, wielding a glowing war axe and wearing a robe (heavily damaged)
You reach to attack!
You hit the wight.
The wight is almost destroyed.
You are feeling hungry.
You barely miss the wight.
The wight is almost destroyed.
You closely miss the wight.
The wight is almost destroyed.
The wight barely misses you.
You closely miss the wight.
The wight is almost destroyed.
The wight hits you with a glowing war axe!
* * * LOW HITPOINT WARNING * * *
You feel drained.
* * * LOW HITPOINT WARNING * * *
You barely miss the wight.
The wight is almost destroyed.
The wight hits you with a glowing war axe!
You die...

.......# #.... #######
####. #. #. #. #. . #.
.....############### #.
.....[.)z@.........# #.
.....#############.######.
. #......... #.........
#......... ##+######( #.
.. #.


You could see a wight.

Vanquished Creatures
  Pikel (D:8)
  The ghost of darksquall the Charmwright, an average HaSk (D:3)
  A slave (D:8)
  An orc warrior (D:8)
  A sky beast (D:7)
  2 ice beasts
  A centaur (D:7)
  2 ogres
  5 giant frogs
  2 wights (D:8)
  A yak skeleton (D:8)
  A crimson imp (D:5)
  A giant frog zombie (D:7)
  3 hounds
  An iguana (D:4)
  3 orc wizards (D:4)
  2 scorpions (D:4)
  6 worker ants
  An ogre skeleton (D:6)
  9 adders
  A gnoll (D:1)
  A giant mite (D:2)
  3 worms
  5 giant geckos
  3 oozes
  8 orcs
  A bat skeleton (D:4)
  A bat zombie (D:5)
  4 giant cockroaches
  10 hobgoblins
  3 jackals (D:2)
  2 quokkas
  A ball python (D:2)
  17 bats
  7 giant newts
  11 goblins
  A hobgoblin skeleton (D:4)
  15 kobolds
  16 rats
  A rat zombie (D:6)
  2 ballistomycetes (D:4)
158 creatures vanquished.

Vanquished Creatures (others)
  A slave (D:8)
  A giant spore (D:4)
2 creatures vanquished.

Grand Total: 160 creatures vanquished

Notes
Turn   | Place    | Note
--------------------------------------------------------------
     0 | D:1      | Leibowitz, the Merfolk Gladiator, began the quest for the Orb.
     0 | D:1      | Reached XP level 1. HP: 17/17 MP: 0/0
   100 | D:1      | Reached XP level 2. HP: 10/23 MP: 1/1
   621 | D:1      | Reached XP level 3. HP: 28/28 MP: 2/2
   706 | D:2      | Reached skill level 5 in Dodging
   715 | D:2      | Reached skill level 5 in Polearms
   935 | D:2      | Paralysed by a potion of paralysis for 3 turns
  1002 | D:2      | Reached XP level 4. HP: 23/35 MP: 3/3
  1977 | D:3      | Reached skill level 6 in Dodging
  2009 | D:3      | Reached XP level 5. HP: 37/40 MP: 4/4
  2407 | D:3      | Noticed darksquall's ghost (average HaSk)
  2454 | D:3      | Killed darksquall's ghost
  2454 | D:3      | Reached skill level 7 in Dodging
  2454 | D:3      | Reached XP level 6. HP: 17/47 MP: 5/5
  2902 | D:4      | Found a deep blue altar of Sif Muna.
  2905 | D:4      | Found a white marble altar of Elyvilon.
  2908 | D:4      | Found a glowing silver altar of Zin.
  3053 | D:4      | Reached XP level 7. HP: 33/53 MP: 6/6
  3117 | D:4      | Found Kiaschu's Distillery.
  3355 | D:4      | Bought a potion of mutation for 30 gold pieces
  3673 | D:4      | Found a radiant altar of Vehumet.
  3953 | D:4      | Reached skill level 8 in Dodging
  4495 | D:5      | Entered Level 5 of the Dungeon
  4571 | D:5      | Reached skill level 5 in Fighting
  4571 | D:5      | Reached skill level 9 in Dodging
  4571 | D:5      | Reached XP level 8. HP: 57/61 MP: 7/7
  5841 | D:6      | Reached skill level 10 in Dodging
  6137 | D:7      | Found a staircase to the Ecumenical Temple.
  6142 | D:7      | Found a glowing golden altar of the Shining One.
  6146 | Temple   | Entered the Ecumenical Temple
  6152 | Temple   | Became a worshipper of Warmaster Okawaru
  6368 | D:7      | Noticed Antunes' ghost (experienced HOGl)
  6691 | D:8      | Reached XP level 9. HP: 61/67 MP: 8/8
  6695 | D:8      | Reached skill level 11 in Dodging
  7091 | D:8      | Noticed Pikel
  7121 | D:8      | Acquired Okawaru's first power
  7123 | D:8      | Killed Pikel
  7123 | D:8      | Reached skill level 12 in Dodging
  7132 | D:8      | Slain by a wight

Action                   |  1- 3 |  4- 6 |  7- 9 || total
-------------------------+-------+-------+-------++-------
Melee: Trident           |   131 |   221 |   392 ||   744
       Unarmed           |       |       |    25 ||    25
 Fire: Blowgun           |       |       |    46 ||    46
Throw: Throwing net      |       |     2 |       ||     2
Evoke: Wand              |       |     1 |     7 ||     8
  Use: Potion            |     6 |     2 |     3 ||    11
       Scroll            |     3 |       |    16 ||    19
 Stab: Sleeping          |       |     1 |     2 ||     3
